 Dungeon Crawl Stone Soup version 0.21-a0-110-g8e1637b (webtiles) character file.

742 Lianjan the Changer (level 7, -3/57 HPs)
             Began as a White Draconian Transmuter on July 8, 2017.
             Slain by Lianjan's ghost (18 damage)
             ... on level 4 of the Dungeon.
             The game lasted 00:12:34 (5486 turns).

Lianjan the Changer (White Draconian Transmuter)    Turns: 5486, Time: 00:12:34

Health: -3/57      AC:  2    Str: 13    XL:     7   Next: 47%
Magic:  12/19      EV: 19    Int: 15    God:
Gold:   161        SH:  0    Dex: 16    Spells: 4/10 levels left

rFire    . . .     SeeInvis .     - Unarmed
rCold    . . .     Gourm    .   (shield currently unavailable)
rNeg     . . .     Faith    .   (armour unavailable)
rPois    x         Spirit   .   (helmet currently unavailable)
rElec    .         Reflect  .   (cloak currently unavailable)
rCorr    .         Harm     .   (gloves currently unavailable)
MR       .....                  (boots currently unavailable)
Stlth    +.........             (no amulet)
HPRegen  0.19/turn              d - ring of magical power
MPRegen  0.16/turn              (no ring)

@: spider-form
A: (breathe frost), unfitting armour, AC +6
a: End Transformation


You were on level 4 of the Dungeon.
You were hungry.
You were a venomous arachnid creature.
You visited 1 branch of the dungeon, and saw 4 of its levels.

You collected 161 gold pieces.

Inventory:

Missiles
 a - 13 arrows
 i - 92 stones (quivered)
Armour
 x - a +1 hat (melded)
Jewellery
 d - a ring of magical power (left front leg)
 t - a cursed ring of teleportation {unknown}
Scrolls
 e - 2 scrolls of amnesia {unknown}
 f - 2 scrolls of random uselessness {unknown}
 h - a scroll of noise {unknown}
 l - 5 scrolls of identify {unknown}
 m - 3 scrolls of teleportation {unknown}
 o - 2 scrolls of enchant armour {unknown}
 u - 2 scrolls of remove curse {unknown}
 v - a scroll of recharging {unknown}
 w - a scroll of fog {unknown}
Potions
 g - a potion of degeneration {unknown}
 k - 4 potions of curing {unknown}
 n - 2 potions of flight {unknown}
 p - 2 potions of brilliance {unknown}
 q - a potion of agility {unknown}
 r - a potion of cancellation {unknown}
Books
 b - a book of Changes

   Spells                             Type                      Level
   a - Beastly Appendage              Transmutation                1
   b - Sticks to Snakes               Transmutation                2
   c - Spider Form                    Transmutation/Poison         3
   d - Ice Form                       Ice/Transmutation            4
   e - Blade Hands                    Transmutation                5
Comestibles
 c - 4 bread rations
 j - 4 fruits
 s - 2 royal jellies
 z - 9 chunks of flesh
 A - a meat ration


   Skills:
 + Level 3.5 Fighting
 - Level 2.0 Dodging
 + Level 4.9 Unarmed Combat
 + Level 2.2 Spellcasting
 * Level 5.4 Transmutations
 - Level 3.5 Poison Magic


You had 4 spell levels left.
You knew the following spells:

 Your Spells              Type           Power        Failure   Level  Hunger
a - Beastly Appendage     Tmut           ###...       9%          1    #......
b - Sticks to Snakes      Tmut           ###.....     12%         2    ###....
c - Spider Form           Tmut/Pois      ###.......   26%         3    ###....


Dungeon Overview and Level Annotations

Branches:
Dungeon (4/15)
 Temple: D:4-7

Altars:
Makhleb
Wu Jian
Xom

Annotations:
D:4 Lianjan's ghost, amateur TrHu


Innate Abilities, Weirdness & Mutations

((You can breathe waves of freezing cold.))
((You can buffet flying creatures when you breathe cold.))
((Your icy white scales are hard. (AC +6)))
You cannot fit into any form of body armour.
((Your flesh is cold resistant. (rC+)))
((You are cold-blooded and may be slowed by cold attacks.))


Message History

Your ball python barely misses Lianjan's ghost.
Lianjan's ghost hits you.
* * * LOW HITPOINT WARNING * * *
Your adder bites Lianjan's ghost but does no damage.
Your adder misses Lianjan's ghost.
Your ball python bites Lianjan's ghost.
Your adder bites Lianjan's ghost but does no damage.
Your adder closely misses Lianjan's ghost.
You barely miss Lianjan's ghost.
Lianjan's ghost is heavily damaged.
Your adder bites Lianjan's ghost.
Your adder barely misses Lianjan's ghost.
Lianjan's ghost closely misses you.
Your ball python bites Lianjan's ghost but does no damage.
You hit Lianjan's ghost.
Lianjan's ghost is heavily damaged.
Your adder bites Lianjan's ghost but does no damage.
Your adder bites Lianjan's ghost.
Your ball python misses Lianjan's ghost.
Lianjan's ghost hits you!!
You die...

..............##............
.#...............................
....#............................
................................#
.... ............................
..# ................####........
..+ ................# ##.......
..####.............##### #......#
.....#..........s......# #......#
.....#.........SWS.....###.......
..w.....#.......S...............#
........#...#.....#...........).+
........#.....###...............#
.......#.....##$##..............#
.......#........$#..............#
.........###....##....###........
........## ....#.....# #........


You could see Lianjan's ghost, 2 friendly adders and a friendly ball python.

Vanquished Creatures
  An ice beast (D:3)
  An ogre (D:4)
  A scorpion (D:4)
  3 hounds
  2 orc wizards (D:4)
  4 worker ants
  12 adders
  An ooze (D:3)
  4 worms
  2 dart slugs (D:1)
  2 leopard geckos
  5 orcs
  4 ball pythons
  6 giant cockroaches
  9 hobgoblins
  5 jackals
  15 kobolds
  12 bats
  8 frilled lizards
  5 goblins
  A quokka skeleton (D:4)
  8 rats
111 creatures vanquished.

Vanquished Creatures (collateral kills)
  A crimson imp (D:2)
  A hound (D:4)
  An orc (D:4)
3 creatures vanquished.

Grand Total: 114 creatures vanquished

Notes
Turn   | Place    | Note
-------+----------+-------------------------------------------
     0 | D:1      | Lianjan the Draconian Transmuter began the quest for the Orb.
     0 | D:1      | Reached XP level 1. HP: 16/16 MP: 3/3
    54 | D:1      | Reached XP level 2. HP: 17/24 MP: 5/5
    60 | D:1      | Learned a level 2 spell: Sticks to Snakes
   480 | D:1      | Reached XP level 3. HP: 29/29 MP: 4/6
   496 | D:1      | Learned a level 3 spell: Spider Form
  1236 | D:2      | Found an ornate altar of the Wu Jian Council.
  1355 | D:2      | Found a burning altar of Makhleb.
  1498 | D:2      | Reached skill level 3 in Transmutations
  1498 | D:2      | Reached skill level 1 in Poison Magic
  1498 | D:2      | Reached XP level 4. HP: 21/36 MP: 5/7
  2476 | D:2      | Reached XP level 5. HP: 24/41 MP: 8/8
  3759 | D:3      | Found a shimmering altar of Xom.
  3761 | D:3      | Found a shimmering altar of Xom.
  3763 | D:3      | Found a shimmering altar of Xom.
  3763 | D:3      | Found a shimmering altar of Xom.
  3763 | D:3      | Found a shimmering altar of Xom.
  3942 | D:3      | Reached skill level 4 in Transmutations
  3964 | D:3      | Noticed an ice beast
  3977 | D:3      | Killed an ice beast
  3977 | D:3      | Reached XP level 6. HP: 10/50 MP: 9/9
  4632 | D:4      | Reached skill level 5 in Transmutations
  4632 | D:4      | Your scales start taking on an icy white colour.
  4632 | D:4      | Reached XP level 7. HP: 57/57 MP: 10/10
  4632 | D:4      | Gained mutation: Your flesh is cold resistant. (rC+) [White Draconian growth]
  4657 | D:4      | Noticed Lianjan's ghost (amateur TrHu)
  5486 | D:4      | Slain by Lianjan's ghost

Vault maps used:
D:1:      minmay_arrival_plants_in_alcoves, minmay_pentomino_p4
D:2:      wad_crossroads, makhleb_grotto_becter, lemuel_crystal_altar,
          minmay_snake_closets
D:3:      xom_redecorated
D:4:      first_bread, minmay_three_crescents

Skill      XL: |  1  2  3  4  5  6 |
---------------+-------------------+-----
Dodging        | 2 |  2.0
Unarmed Combat | 4 |  4.9
Transmutations | 3 4 5 |  5.4
Poison Magic   | 1 2 3 |  3.5
Fighting       | 2 3 |  3.5
Spellcasting   | |  2.2

Action                   |  1- 3 |  4- 6 |  7- 9 || total
-------------------------+-------+-------+-------++-------
Melee: Unarmed           |   183 |   237 |    58 ||   478
       Headbutt          |     8 |    13 |     1 ||    22
       Punch             |     2 |       |     1 ||     3
       Tailslap          |    15 |    11 |     2 ||    28
       Kick              |     7 |    12 |       ||    19
 Cast: Beastly Appendage |    25 |    29 |     1 ||    55
       Sticks to Snakes  |     4 |     2 |    13 ||    19
       Spider Form       |       |     8 |     2 ||    10
  Eat: Chunk             |     3 |    12 |     2 ||    17
       Royal jelly       |       |       |     1 ||     1
Armor: Skin              |    62 |    68 |    11 ||   141
Dodge: Dodged            |   127 |   151 |    35 ||   313
